 Dungeon Crawl Stone Soup version 0.23.0 (webtiles) character file.

Game seed: 10205658373147338221

53 tidbits the Charmwright (level 3, 23/31 HPs)
             Began as a Gnoll Skald on Feb 14, 2019.
             Quit the game on level 3 of the Dungeon.
             The game lasted 00:02:35 (235 turns).

tidbits the Charmwright (Gnoll Skald)                Turns: 235, Time: 00:02:35

Health: 23/31      AC:  3    Str: 13    XL:     3   Next: 89%
Magic:  3/9        EV: 14    Int: 16    God:
Gold:   37         SH:  0    Dex: 16    Spells: 1/12 levels left

rFire    . . .     SeeInvis .   a - +0 spear
rCold    . . .     Gourm    .   (no shield)
rNeg     . . .     Faith    .   b - +0 leather armour
rPois    +         Spirit   .   (no helmet)
rElec    .         Reflect  .   (no cloak)
rCorr    .         Harm     .   (no gloves)
MR       .....                  (no boots)
Stlth    ++........             (no amulet)
HPRegen  0.10/turn              h - +2 ring of dexterity
MPRegen  0.11/turn              i - ring of poison resistance

@: singing (expiring)
A: distributed training, fangs 1, strong nose
a: no special abilities


You were on level 3 of the Dungeon.
You were full.

You visited 1 branch of the dungeon, and saw 3 of its levels.

You collected 37 gold pieces.

Inventory:

Hand Weapons
 a - a +0 spear (weapon)
 f - a +0 hunting sling
Missiles
 e - 6 tomahawks of returning (quivered)
 g - 24 stones
Armour
 b - a +0 leather armour (worn)
 j - a +0 ring mail
Jewellery
 h - a +2 ring of dexterity (left hand)
   (You found it on level 2 of the Dungeon)
 i - a ring of poison resistance (right hand)
   (You found it on level 2 of the Dungeon)
Scrolls
 c - 2 scrolls of teleportation {unknown}
Potions
 k - a potion of berserk rage {unknown}
 l - a potion of brilliance {unknown}
Comestibles
 d - 2 rations


   Skills:
 + Level 4.6 Fighting
 + Level 1.0 Short Blades
 + Level 1.0 Long Blades
 + Level 1.0 Axes
 + Level 1.0 Maces & Flails
 + Level 4.6 Polearms
 + Level 1.0 Staves
 + Level 1.0 Slings
 + Level 1.0 Bows
 + Level 1.0 Crossbows
 + Level 1.0 Throwing
 + Level 2.6 Armour
 + Level 4.6 Dodging
 + Level 1.0 Stealth
 + Level 1.0 Shields
 + Level 1.0 Unarmed Combat
 + Level 5.0 Spellcasting
 + Level 0.7 Conjurations
 + Level 0.7 Hexes
 + Level 5.4 Charms
 + Level 0.7 Summonings
 + Level 0.7 Necromancy
 + Level 0.7 Translocations
 + Level 0.7 Transmutations
 + Level 0.7 Fire Magic
 + Level 0.7 Ice Magic
 + Level 0.7 Air Magic
 + Level 0.7 Earth Magic
 + Level 0.7 Poison Magic
 + Level 1.0 Invocations
 + Level 1.0 Evocations


You had one spell level left.
You knew the following spells:

 Your Spells              Type           Power        Failure   Level  Hunger
g - Shroud of Golubria    Chrm/Tloc      ##........   9%          2    #......
i - Infusion              Chrm           ###.         1%          1    None
r - Regeneration          Chrm/Necr      ##........   16%         3    ###....
w - Spectral Weapon       Hex/Chrm       ##......     16%         3    ###....
y - Song of Slaying       Chrm           ###.....     3%          2    #......

Your spell library contained the following spells:

 Spells                   Type           Power        Failure   Level  Hunger


Dungeon Overview and Level Annotations

Branches:
Dungeon (3/15)

Altars:


Innate Abilities, Weirdness & Mutations

Your experience applies equally to all skills.
You have very sharp teeth.
Your uncanny sense of smell can sniff out nearby items.


Message History

Unknown command.
Attack whom?
Press: ? - help, Dir - move target cursor, f - kobold
Aim: a kobold, wielding a +0 short sword You reach to attack!
You hit the kobold.
The kobold is severely wounded.
A hobgoblin comes into view. It is wielding a +0 club.
Your spectral weapon hits the kobold from afar.
You kill the kobold!
The bat completely misses you.
Casting: Spectral Weapon (safe; 17% risk of failure)
Confirm with . or Enter, or press ? or * to list all spells.
You start singing a song of slaying.
The bat hits you but does no damage. The frilled lizard bites you.
Unknown command.
You hit the frilled lizard but do no damage.
Your spectral weapon hits the frilled lizard.
The bat closely misses you. The bat hits you but does no damage.
The frilled lizard closely misses you.
You hit the frilled lizard.
You kill the frilled lizard!
The bat barely misses you. The bat closely misses you.
You hit the bat.
You kill the bat!
The bat hits you.
Attack whom?
Press: ? - help, Dir - move target cursor, f - bat
Aim: a bat You reach to attack!
You hit the bat.
The bat is severely wounded.
Your spectral weapon hits the bat.
You kill the bat!
Attack whom?
Press: ? - help, Dir - move target cursor, f - hobgoblin
Aim: a hobgoblin, wielding a +0 club You reach to attack!
You hit the hobgoblin.
The hobgoblin is lightly wounded.
Your spectral weapon misses the hobgoblin.
You hit the hobgoblin.
You kill the hobgoblin!
Your Short Blades skill increases to level 1!
Your Long Blades skill increases to level 1!
Your Axes skill increases to level 1!
Your Maces & Flails skill increases to level 1!
Your Staves skill increases to level 1!
Your Slings skill increases to level 1!
Your Bows skill increases to level 1!
Your Crossbows skill increases to level 1!
Your Throwing skill increases to level 1!
Your Stealth skill increases to level 1!
Your Shields skill increases to level 1!
Your Unarmed Combat skill increases to level 1!
Your Evocations skill increases to level 1!
Press: ? - help, v - describe, . - travel, g - get item 2 stones.
A stone staircase leading up.
Things that are here:
a cursed +0 club; a bat corpse
Things that are here:
a +0 short sword; a kobold corpse You hear a shout!
Your spectral weapon fades away.
A goblin comes into view.
Unknown command.
You hear an angry buzzing noise. x2
You hear an angry hiss.
The goblin wields a +1 hunting sling of freezing.
It is covered in frost.
The goblin shoots a stone.
The stone hits you but does no damage.
Things that are here:
a stone; a metallic ruby potion
k - a metallic ruby potion The goblin shoots a stone.
The stone barely misses you.
Unknown command.
The goblin shoots a stone.
The stone hits you but does no damage.
You see here a stone.
You hear an angry buzzing noise.
You see here a metallic amethyst potion.
l - a metallic amethyst potion The goblin shoots a stone.
The stone closely misses you.
The goblin shoots a stone.
The stone misses you.
Attack whom?
Press: ? - help, Dir - move target cursor, f - goblin
Aim: a goblin, wielding a +1 hunting sling of freezing You reach to attack!
You hit the goblin.
The goblin is heavily wounded.
Your song is almost over.
You hear an angry buzzing noise. x2; You hear a shout!
You completely miss the goblin.
The goblin is heavily wounded.
A killer bee comes into view.
The goblin unwields a +1 hunting sling of freezing.
The goblin misses you.
Casting: Song of Slaying (safe; 3% risk of failure)
Confirm with . or Enter, or press ? or * to list all spells.
You draw out your weapon's spirit!
A killer bee comes into view.
The goblin hits you but does no damage.
Okay, then.
Unknown command.
Are you sure you want to abandon this character and quit the game? (Confirm with "yes".)

########
##<.(...##
##.......(##
#..>......(#
#........(.#
#........@.#
#..))....yg#
#<.........y..
∆
##......(..###
#..?........
#.......$..##.
#..........#
#?...........
#............


You could see 2 killer bees, a goblin and a friendly spectral +0 spear.

Vanquished Creatures
  A worker ant zombie (D:2)
  2 adders (D:2)
  An adder skeleton (D:2)
  A worm (D:2)
  A leopard gecko (D:2)
  An orc (D:2)
  3 bats
  3 goblins
  2 hobgoblins
  A frilled lizard (D:3)
  2 kobolds
  A rat (D:1)
19 creatures vanquished.

Notes
Turn   | Place    | Note
-------+----------+-------------------------------------------
     0 | D:1      | tidbits the Gnoll Skald began the quest for the Orb.
     0 | D:1      | Reached XP level 1. HP: 20/20 MP: 6/6
    65 | D:2      | Reached XP level 2. HP: 25/26 MP: 1/7
    77 | D:2      | Reached skill level 5 in Spellcasting
    77 | D:2      | Reached XP level 3. HP: 22/31 MP: 0/9
    87 | D:2      | Learned a level 2 spell: Song of Slaying
    90 | D:2      | Learned a level 2 spell: Shroud of Golubria
    94 | D:2      | Learned a level 3 spell: Regeneration
    99 | D:2      | Learned a level 3 spell: Spectral Weapon
   178 | D:2      | Reached skill level 1 in Invocations
   219 | D:3      | Reached skill level 1 in Short Blades
   219 | D:3      | Reached skill level 1 in Long Blades
   219 | D:3      | Reached skill level 1 in Axes
   219 | D:3      | Reached skill level 1 in Maces & Flails
   219 | D:3      | Reached skill level 1 in Staves
   219 | D:3      | Reached skill level 1 in Slings
   219 | D:3      | Reached skill level 1 in Bows
   219 | D:3      | Reached skill level 1 in Crossbows
   219 | D:3      | Reached skill level 1 in Throwing
   219 | D:3      | Reached skill level 1 in Stealth
   219 | D:3      | Reached skill level 1 in Shields
   219 | D:3      | Reached skill level 1 in Unarmed Combat
   219 | D:3      | Reached skill level 1 in Evocations
   233 | D:3      | Noticed a killer bee
   234 | D:3      | Noticed a killer bee
   235 | D:3      | Quit the game

Skill      XL: |  1  2  3 |
---------------+----------+-----
Spellcasting   | 5 |  5.0
Invocations    | 1 |  1.0
Short Blades   | 1 |  1.0
Long Blades    | 1 |  1.0
Axes           | 1 |  1.0
Maces & Flails | 1 |  1.0
Staves         | 1 |  1.0
Slings         | 1 |  1.0
Bows           | 1 |  1.0
Crossbows      | 1 |  1.0
Throwing       | 1 |  1.0
Stealth        | 1 |  1.0
Shields        | 1 |  1.0
Unarmed Combat | 1 |  1.0
Evocations     | 1 |  1.0
Fighting       | |  4.6
Polearms       | |  4.6
Armour         | |  2.6
Dodging        | |  4.6
Conjurations   | |  0.7
Hexes          | |  0.7
Charms         | |  5.4
Summonings     | |  0.7
Necromancy     | |  0.7
Translocations | |  0.7
Transmutations | |  0.7
Fire Magic     | |  0.7
Ice Magic      | |  0.7
Air Magic      | |  0.7
Earth Magic    | |  0.7
Poison Magic   | |  0.7

Action                   || total
-------------------------++-------
Melee: Spear             ||    46
       Bite              ||     7
Throw: Tomahawk          ||     5
 Cast: Infusion          ||     1
       Spectral Weapon   ||     3
       Song of Slaying   ||     1
  Eat: Ration            ||     1
Armor: Leather armour    ||     8
Dodge: Dodged            ||    27

Table legend:
 A = Turns spent in this place as a percentage of turns spent in the entire game.
 B = Non-inter-level travel turns spent in this place as a percentage of non-inter-level travel turns spent in the entire game.
 C = Inter-level travel turns spent in this place as a percentage of turns spent in this place.
 D = Turns resting spent in this place as a percentage of non-inter-level travel turns spent in this place.
 E = Turns spent auto-exploring this place as a percentage of non-inter-level travel turns spent in this place.
 F = Non-inter-level travel turns spent in this place divided by the number of levels of this place that you've seen.
                   A       B       C       D       E      F
               +-------+-------+-------+-------+-------+----------------------
         Total | 100.0 | 100.0 |   0.0 |   0.0 |   0.0 |  78.3
       Dungeon | 100.0 | 100.0 |   0.0 |   0.0 |   0.0 |  78.3
               +-------+-------+-------+-------+-------+----------------------

Table legend:
 A = Kills in this place as a percentage of kills in entire the game.
 B = Kills by you in this place as a percentage of kills by you in the entire game.
 C = Kills by friends in this place as a percentage of kills by friends in the entire game.
 D = Other kills in this place as a percentage of other kills in the entire game.
 E = Experience gained in this place as a percentage of experience gained in the entire game.
 F = Experience gained in this place divided by the number of levels of this place that you have seen.
                   A       B       C       D       E      F
               +-------+-------+-------+-------+-------+----------------------
         Total | 100.0 | 100.0 |   N/A |   N/A | 100.0 |  25.7
       Dungeon | 100.0 | 100.0 |   N/A |   N/A | 100.0 |  25.7
               +-------+-------+-------+-------+-------+----------------------

Levels and vault maps discovered:
D:1:      psy_arrival_basics, layout_basic
D:2:      layout_basic, serial_undead, serial_undead_d, serial_undead_d,
          serial_undead_f, serial_undead_b, serial_undead_f, serial_undead_d,
          serial_undead_e, serial_undead_e
D:3:      layout_rooms, nemelex_xobeh_ov_fountains_minmay
